 Dungeon Sprint DCSS version 0.29.1-2-gbd0b4ee654 (webtiles) character file.

Game seed: 7370206775796501299

21784 SmokeWeed the Fencer (level 12, -31/128 HPs)
             Began as a Minotaur Gladiator on Oct 27, 2022.
             Was a High Priest of Okawaru.
             Annihilated by an ettin
             ... wielding a +0 great mace
              (37 damage)
             ... in the Dungeon (Sprint IX: "|||||||||||||||||||||||||||||") on Nov 6, 2022.
             The game lasted 00:36:06 (2909 turns).

SmokeWeed the Fencer (Minotaur Gladiator)           Turns: 2909, Time: 00:36:08

Health: -31/128    AC: 27    Str: 18    XL:     12   Next: 57%
Magic:  13/17      EV: 10    Int:  8    God:    Okawaru [*****.]
Gold:   919        SH:  0    Dex: 16    Spells: 11/11 levels left

rFire   + + .      SeeInvis +   n - +5 scimitar (flame)
rCold   . . .      Faith    .   I - +1 tower shield
rNeg    . . .      Spirit   .   g - +1 plate armour of Benevolence {Harm rPois rF++ Str-4}
rPois   +          Reflect  .   c - +2 hat
rElec   .          Harm     +   y - +0 cloak
rCorr   .          Rampage  .   D - +0 pair of gloves of Duck's Teeth {Will+ Regen+ Dex+2}
Will    +....      NoTele   +   x - +0 pair of boots
Stlth   ..........              (no amulet)
HPRegen 1.11/turn               E - ring of see invisible
MPRegen 0.15/turn               o - +3 ring of intelligence

@: confused, heroic, finesse-ful
A: horns 2, retaliatory headbutt
a: Renounce Religion, Heroism, Finesse


You were in the Dungeon.
You worshipped Okawaru.
Okawaru was extremely pleased with you.
You visited 1 branch You collected 1947 gold pieces.
You spent 1028 gold pieces at shops.

Inventory:

Hand Weapons
 e - a +2 longbow of flaming
 n - a +5 scimitar of flaming (weapon)
Missiles
 d - 6 throwing nets
 h - 6 poisoned darts
 t - 2 stones (quivered)
 w - 3 atropa-tipped darts
 A - a boomerang
 B - a javelin
Armour
 a - a +4 chain mail
 c - a +2 hat (worn)
 g - the +1 plate armour of Benevolence (worn) {Harm rPois rF++ Str-4}
   (Okawaru gifted it to you in the Dungeon)

   Str:       It affects your strength (-4).
   rF:        It greatly protects you from fire.
   rPois:     It protects you from poison.
   Harm:      It increases damage dealt and taken.
 j - +0 acid dragon scales
 x - a +0 pair of boots (worn)
 y - a +0 cloak (worn)
 z - a +2 plate armour of fire resistance
 C - a scarf of shadows
 D - the +0 pair of gloves of Duck's Teeth (worn) {Will+ Regen+ Dex+2}
   (You bought it in a shop in the Dungeon)

   Dex:       It affects your dexterity (+2).
   Regen:     It increases your rate of health regeneration.
   Will:      It increases your willpower.
 I - a +1 tower shield (worn)
Jewellery
 o - a +3 ring of intelligence (right hand)
 p - a +3 ring of dexterity
 E - a ring of see invisible (left hand)
 H - a ring of willpower
Wands
 b - a wand of paralysis (9)
 m - a wand of roots (10)
Scrolls
 k - 5 scrolls of blinking
 l - 2 scrolls of amnesia
 u - 2 scrolls of identify
 v - 2 scrolls of fear
 F - a scroll of silence
Potions
 f - 7 potions of curing
 i - 4 potions of magic
 q - 4 potions of might
 r - a potion of haste
 s - 5 potions of heal wounds
 J - a potion of brilliance


   Skills:
 + Level 18.4(23.4) Fighting
 + Level 20.3(25.3) Long Blades
 + Level 11.0(16.0) Ranged Weapons
 + Level 8.9(13.9) Throwing
 + Level 15.0(20.0) Armour
 + Level 12.0(17.0) Dodging
 + Level 8.3(13.3) Stealth
 + Level 2.2(7.2) Shields
 + Level 8.5 Invocations


You had 11 spell levels left.
You didn't know any spells.
Your spell library was empty.

Dungeon Overview and Level Annotations

Branches:
Dungeon (1/1)

Altars:
Cheibriados
Dithmenos
Elyvilon
Fedhas
Gozag
Hepliaklqana
Kikubaaqudgha
Makhleb
Nemelex Xobeh
Okawaru
Qazlal
Ru
Sif Muna
Trog
Uskayaw
Vehumet
Wu Jian
Xom
Yredelemnul
Zin
The Shining One
Jiyva
Lugonu

Shops:
D ?*[:


Innate Abilities, Weirdness & Mutations

You have a pair of horns on your head.
You reflexively headbutt those who attack you in melee.


Message History

Okawaru accepts your kill.
Your base Ranged Weapons skill increases to level 11!
Your base Armour skill increases to level 15!
You slash the purple ugly thing! You burn the purple ugly thing.
Your headbutt misses the purple ugly thing.
The purple ugly thing is moderately wounded.
The glowing orange brain pulsates.
The glowing orange brain radiates an aura of fear!
You resist with some effort.
You slice the purple ugly thing!! You burn the purple ugly thing.
You headbutt the purple ugly thing, but do no damage.
The purple ugly thing is severely wounded.
You block the purple ugly thing's attack.
You slash the purple ugly thing! You burn the purple ugly thing.
You kill the purple ugly thing!
Okawaru accepts your kill.
Your base Dodging skill increases to level 12!
Your base Shields skill increases to level 2!
You slash the ettin! You burn the ettin.
The ettin is moderately wounded.
You slash the ettin! You burn the ettin.
The ettin is heavily wounded.
The glowing orange brain pulsates.
You are confused.
The ettin hits you with a +0 great mace!!
The ettin misses you.
You bump into the unnaturally hard rock wall.
The ettin hits you with a +0 great mace!
* * * LOW HITPOINT WARNING * * *
The ettin closely misses you.
A frost giant comes into view.
It is wielding a +2 battleaxe of freezing.
The frost giant shouts!
You slice the ettin!! You burn the ettin.
You headbutt the ettin, but do no damage.
The ettin is almost dead.
You bump into the unnaturally hard rock wall.
The ettin hits you with a +0 great mace!!
* * * LOW HITPOINT WARNING * * *
The ettin hits you with a +0 dire flail!!
You die...

▓_▓.▓.▓.▓.▓.▓.▓
▓_▓.▓.▓.▓.▓.▓.▓
▓_▓.▓.▓.▓.▓.▓.▓
▓_▓.▓.▓.▓'▓.▓.▓
▓'▓.▓'▓.▓.▓.▓(▓
▓.▓.▓†▓.▓.▓.▓†▓
▓.▓.▓†▓.▓)▓.▓.▓
▓)▓.▓†▓.▓[▓.▓)▓
▓.▓.▓.▓.▓.▓.▓@▓
▓[▓.▓.▓.▓∩▓.▓C▓
▓[▓.▓.▓.▓.▓.▓G▓
▓.▓.▓.▓.▓∩▓.▓p▓
▓.▓.▓.▓.▓[▓.▓u▓
▓.▓.▓.▓.▓∩▓.▓.▓
▓)▓.▓.▓.▓.▓.▓C▓
▓)▓.▓.▓.▓∩▓.▓.▓
▓)▓.▓.▓.▓.▓.▓


You could see a frost giant, a red ugly thing, an ettin, a glowing orange brain
and a wizard (invisible).

Vanquished Creatures
  Josephine (D)
  A boulder beetle (D)
  Harold (D)
  3 hydras (D)
  3 ogre magi (D)
  2 centaur warriors (D)
  2 iron trolls (D)
  5 deep trolls (D)
  3 cyclopes (D)
  3 ugly things (D)
  A manticore (D)
  2 elephants (D)
  Maurice (D)
  A black mamba (D)
  4 cane toads (D)
  A freezing wraith (D)
  2 rime drakes (D)
  2 komodo dragons (D)
  A meliai (D)
  3 trolls (D)
  A slime creature (D)
  5 wraiths (D)
  2 yaks (D)
  2 wyverns (D)
  A warg (D)
  An acid dragon (D)
  A water moccasin (D)
  4 hell hounds (D)
  15 orc warriors (D)
  3 centaurs (D)
  3 wolves (D)
  A kobold brigand (D)
  3 orc priests (D)
  2 jellies (D)
  A hound (D)
  3 orc wizards (D)
  6 orcs (D)
  An endoplasm (D)
  A giant cockroach (D)
  A bat (D)
  A goblin (D)
  A kobold (D)
101 creatures vanquished.

Vanquished Creatures (others)
  A howler monkey (D)
1 creature vanquished.

Grand Total: 102 creatures vanquished

Notes
Turn   | Place    | Note
-------+----------+-------------------------------------------
     0 | D        | SmokeWeed the Minotaur Gladiator began the quest for the
                  | Orb.
     0 | D        | Reached XP level 1. HP: 18/18 MP: 0/0
    10 | D        | Reached skill level 4 in Long Blades
    21 | D        | Noticed a centaur
    21 | D        | Noticed a jelly
    21 | D        | Noticed a hound
    21 | D        | Noticed a jelly
    21 | D        | Noticed a centaur
    24 | D        | Killed a centaur
    25 | D        | Reached skill level 7 in Long Blades
    25 | D        | Reached XP level 2. HP: 23/28 MP: 1/1
    25 | D        | Reached XP level 3. HP: 27/34 MP: 2/2
    25 | D        | Reached XP level 4. HP: 33/41 MP: 3/3
    31 | D        | Reached skill level 8 in Long Blades
    31 | D        | Reached XP level 5. HP: 22/47 MP: 4/4
    33 | D        | Reached skill level 5 in Fighting
    33 | D        | Reached skill level 9 in Long Blades
    40 | D        | Killed a centaur
    41 | D        | Reached skill level 10 in Long Blades
   251 | D        | Found a snail-covered altar of Cheibriados.
   251 | D        | Found a shadowy altar of Dithmenos.
   251 | D        | Found a white marble altar of Elyvilon.
   251 | D        | Found a blossoming altar of Fedhas.
   251 | D        | Found an opulent altar of Gozag.
   252 | D        | Found a hazy altar of Hepliaklqana.
   253 | D        | Found a viscous altar of Jiyva.
   254 | D        | Found an ancient bone altar of Kikubaaqudgha.
   255 | D        | Found a corrupted altar of Lugonu.
   256 | D        | Found a burning altar of Makhleb.
   257 | D        | Found a sparkling altar of Nemelex Xobeh.
   258 | D        | Found an iron altar of Okawaru.
   259 | D        | Found a stormy altar of Qazlal.
   260 | D        | Found a sacrificial altar of Ru.
   261 | D        | Found a shimmering blue altar of Sif Muna.
   262 | D        | Found a bloodstained altar of Trog.
   263 | D        | Found a hide-covered altar of Uskayaw.
   264 | D        | Found a radiant altar of Vehumet.
   265 | D        | Found an ornate altar of the Wu Jian Council.
   266 | D        | Became a worshipper of Warmaster Okawaru
   267 | D        | Found a shimmering altar of Xom.
   268 | D        | Found a basalt altar of Yredelemnul.
   269 | D        | Found a glowing silver altar of Zin.
   270 | D        | Found a glowing golden altar of the Shining One.
   312 | D        | Noticed an orc warrior
   312 | D        | Noticed an acid dragon
   312 | D        | Noticed a centaur
   316 | D        | Reached XP level 6. HP: 57/57 MP: 5/5
   322 | D        | Killed an orc warrior
   323 | D        | Reached skill level 11 in Long Blades
   325 | D        | Killed an acid dragon
   331 | D        | Reached skill level 12 in Long Blades
   331 | D        | Reached skill level 5 in Armour
   331 | D        | Reached XP level 7. HP: 51/66 MP: 6/6
   337 | D        | Reached * piety under Okawaru
   354 | D        | Noticed a cyclops
   354 | D        | Noticed a slime creature
   354 | D        | Noticed a centaur warrior
   354 | D        | Noticed a cyclops
   354 | D        | Noticed a brown ugly thing
   354 | D        | Noticed a centaur warrior
   362 | D        | Killed a cyclops
   363 | D        | Reached skill level 13 in Long Blades
   363 | D        | Reached skill level 5 in Throwing
   363 | D        | Reached skill level 10 in Dodging
   363 | D        | Reached XP level 8. HP: 49/74 MP: 7/7
   367 | D        | Killed a slime creature
   368 | D        | Reached skill level 14 in Long Blades
   379 | D        | Killed a centaur warrior
   379 | D        | Reached ** piety under Okawaru
   380 | D        | Reached skill level 15 in Long Blades
   386 | D        | Killed a cyclops
   387 | D        | Reached XP level 9. HP: 14/85 MP: 5/8
   389 | D        | Killed a brown ugly thing
   390 | D        | Reached skill level 10 in Fighting
   390 | D        | Reached skill level 16 in Long Blades
   390 | D        | Reached skill level 5 in Stealth
   393 | D        | HP: 4/86 [centaur warrior (5)]
   394 | D        | Killed a centaur warrior
   394 | D        | Reached *** piety under Okawaru
   761 | D        | Noticed Josephine
   769 | D        | Reached skill level 17 in Long Blades
   778 | D        | Killed Josephine
   779 | D        | Reached skill level 10 in Armour
   779 | D        | Reached XP level 10. HP: 30/97 MP: 9/9
  1050 | D        | Reached **** piety under Okawaru
  1152 | D        | Noticed an elephant
  1152 | D        | Noticed a cane toad
  1152 | D        | Noticed a cane toad
  1152 | D        | Noticed a black mamba
  1163 | D        | Killed an elephant
  1164 | D        | Reached skill level 1 in Ranged Weapons
  1164 | D        | Reached skill level 1 in Invocations
  1165 | D        | Noticed an elephant
  1167 | D        | Killed a cane toad
  1169 | D        | Killed a cane toad
  1170 | D        | Reached skill level 18 in Long Blades
  1172 | D        | Killed a black mamba
  1191 | D        | Killed an elephant
  1191 | D        | Reached ***** piety under Okawaru
  1191 | D        | Received a gift from Okawaru
  1310 | D        | Noticed a cane toad
  1310 | D        | Noticed a cane toad
  1310 | D        | Noticed a four-headed hydra
  1316 | D        | Noticed a four-headed hydra
  1319 | D        | Killed a cane toad
  1323 | D        | Killed a cane toad
  1328 | D        | Reached XP level 11. HP: 84/110 MP: 5/12
  1332 | D        | Killed a one-headed hydra
  1332 | D        | Received a gift from Okawaru
  1339 | D        | Killed a one-headed hydra
  1342 | D        | Reached skill level 19 in Long Blades
  1346 | D        | Reached skill level 15 in Fighting
  1570 | D        | Reached skill level 5 in Invocations
  1592 | D        | Reached skill level 5 in Ranged Weapons
  1791 | D        | Noticed Maurice
  1803 | D        | Killed Maurice
  2127 | D        | Found Onlys's Magic Scroll Emporium.
  2127 | D        | Noticed a deep troll
  2127 | D        | Noticed a deep troll
  2127 | D        | Noticed a deep troll
  2127 | D        | Noticed an ogre mage
  2136 | D        | Killed a deep troll
  2137 | D        | Noticed an iron troll
  2140 | D        | Killed a deep troll
  2140 | D        | Identified the +1 plate armour of Benevolence {Harm rPois
                  | rF++ Str-4} (Okawaru gifted it to you in the Dungeon)
  2140 | D        | Received a gift from Okawaru
  2145 | D        | Noticed an ogre mage
  2149 | D        | Killed a deep troll
  2162 | D        | Found Giwneco's Assorted Antiques.
  2173 | D        | Killed an iron troll
  2175 | D        | Noticed an iron troll
  2179 | D        | Killed an ogre mage
  2180 | D        | Found Iqurant's Armour Emporium.
  2185 | D        | Killed an ogre mage
  2186 | D        | Reached XP level 12. HP: 40/125 MP: 4/16
  2193 | D        | Reached skill level 10 in Ranged Weapons
  2549 | D        | Found Vuror's Book Shoppe.
  2563 | D        | Noticed an ogre mage
  2567 | D        | Reached skill level 20 in Long Blades
  2573 | D        | Killed an ogre mage
  2608 | D        | Bought a scarf of shadows for 132 gold pieces
  2608 | D        | Bought the +0 pair of gloves of Duck's Teeth {Will+ Regen+
                  | Dex+2} for 234 gold pieces
  2610 | D        | Bought an encrusted wooden ring for 150 gold pieces
  2612 | D        | Bought a scroll of blinking for 97 gold pieces
  2612 | D        | Bought a scroll of silence for 123 gold pieces
  2612 | D        | Bought 2 scrolls of enchant armour for 195 gold pieces
  2612 | D        | Bought a scroll of enchant weapon for 97 gold pieces
  2745 | D        | Noticed Harold
  2759 | D        | Killed Harold
  2873 | D        | Noticed a boulder beetle
  2873 | D        | Noticed a six-headed hydra
  2876 | D        | Killed a boulder beetle
  2876 | D        | Received a gift from Okawaru
  2885 | D        | Killed a three-headed hydra
  2886 | D        | Reached skill level 1 in Shields
  2886 | D        | Noticed an ettin
  2902 | D        | Reached skill level 15 in Armour
  2907 | D        | Noticed a frost giant
  2909 | D        | HP: 6/128 [ettin/+0 great mace (31)]
  2909 | D        | Annihilated by an ettin

Illustrated notes

Levels and vault maps discovered:
D:        linesprint [early_d, line_temple, items_1, d_10, items_2, lair_1,
          lair_end, items_3, orc_1, orc_end, items_4, d_15, swamp_1, shoals_1,
          snake_1, spider_1, d_20, vaults_1, items_5, swamp_end, shoals_end,
          snake_end, spider_end, vaults_end, d_27, items_6, zot_1, zot_end,
          crypt_end, forest_end, elf_end, slime_end, tomb_end, abyss_end,
          pan_hell_end]

Skill      XL: |  1  2  3  4  5  6  7  8  9 10 11 12 |
---------------+-------------------------------------+-----
Long Blades    | 7 8 10 12 13 15 17 18 19 20 | 20.3
Dodging        | 6 7 8 9 10 11 12 | 12.0
Fighting       | 4 5 7 8 9 11 14 17 18 | 18.4
Throwing       | 3 4 5 6 7 8 |  8.9
Armour         | 2 3 5 6 8 10 12 14 15 | 15.0
Stealth        | 2 4 6 7 8 |  8.3
Ranged Weapons | 3 9 11 | 11.0
Invocations    | 3 6 8 |  8.5
Shields        | 2 |  2.2

Action                   |  1- 3 |  4- 6 |  7- 9 | 10-12 || total
-------------------------+-------+-------+-------+-------++-------
Melee: Long sword        |    11 |    14 |       |       ||    25
       Headbutt          |     3 |     8 |    13 |    69 ||    93
       Scimitar          |       |    13 |    48 |   227 ||   288
       Punch             |       |     1 |     3 |     6 ||    10
 Fire: Longbow           |       |       |       |    70 ||    70
Throw: Throwing net      |       |     1 |     2 |     3 ||     6
       Javelin           |       |     1 |     1 |     1 ||     3
       Dart              |       |       |     1 |    12 ||    13
       Stone             |       |       |       |     3 ||     3
Invok: Heroism           |       |       |     1 |    15 ||    16
       Finesse           |       |       |       |     7 ||     7
  Use: Potion            |     1 |     2 |     3 |     1 ||     7
       Scroll            |       |       |       |     8 ||     8
 Stab: Invisible         |       |     1 |     3 |       ||     4
       Held in net/web   |       |       |       |     3 ||     3
Armor: Leather armour    |     3 |     3 |       |       ||     6
       Chain mail        |       |     2 |    21 |    47 ||    70
       Plate armour      |       |       |       |    39 ||    39
Dodge: Dodged            |     5 |    17 |    16 |   126 ||   164
Block: Tower shield      |       |       |       |    17 ||    17
